 Dungeon Crawl Stone Soup version 0.21.1-1-g345015f (webtiles) character file.

60 goulibeur the Unweaver (level 3, -1/29 HPs)
             Began as a Demonspawn Abyssal Knight on July 12, 2018.
             Was a Follower of Lugonu.
             Slain by an adder (3 damage)
             ... on level 2 of the Dungeon.
             The game lasted 00:04:36 (1899 turns).

goulibeur the Unweaver (Demonspawn Abyssal Knight)  Turns: 1899, Time: 00:04:36

Health: -1/29      AC: 11    Str: 12    XL:     3   Next: 82%
Magic:  1/1        EV:  3    Int: 13    God:    Lugonu [*.....]
Gold:   68         SH:  0    Dex: 13    Spells: 2/2 levels left

rFire    . . .     SeeInvis .   f - +1 spear (antimagic)
rCold    . . .     Gourm    .   (no shield)
rNeg     . . .     Faith    .   l - +0 plate armour
rPois    .         Spirit   .   (no helmet)
rElec    .         Reflect  .   (no cloak)
rCorr    .         Harm     .   (no gloves)
MR       .....                  (no boots)
Stlth    ..........             (no amulet)
HPRegen  0.09/turn              (no ring)
MPRegen  0.07/turn              (no ring)

@: lethally poisoned (-1 -> -9)
A: powered by pain 1
a: Depart the Abyss, Renounce Religion


You were on level 2 of the Dungeon.
You worshipped Lugonu.
Lugonu was aware of your devotion.
You were not hungry.

You visited 1 branch of the dungeon, and saw 2 of its levels.
You visited the Abyss 1 time.

You collected 68 gold pieces.

Inventory:

Hand Weapons
 a - a +1 short sword
 f - a +1 antimagic spear (weapon)
Armour
 b - a +0 leather armour
 e - a +0 ring mail
 l - a +0 plate armour (worn)
Jewellery
 m - a +2 ring of protection {unknown}
 o - an uncursed ring of see invisible {unknown}
Scrolls
 g - a scroll of amnesia {unknown}
 i - 2 scrolls of identify {unknown}
 j - 4 scrolls of remove curse {unknown}
 k - a scroll of noise {unknown}
Potions
 d - a potion of haste {unknown}
 h - a potion of lignification {unknown}
 n - a potion of flight {unknown}
 p - 2 potions of heal wounds {unknown}
 r - 2 potions of agility {unknown}
 s - a potion of degeneration {unknown}
Comestibles
 c - 5 rations
 q - 3 chunks of flesh


   Skills:
 + Level 3.4 Fighting
 - Level 1.7 Short Blades
 + Level 2.3 Armour
 + Level 1.6 Dodging
 * Level 3.9 Invocations


You had 2 spell levels left.
You didn't know any spells.

Dungeon Overview and Level Annotations

Branches:
Dungeon (2/15)

Altars:


Innate Abilities, Weirdness & Mutations

You sometimes gain a little power by taking damage.


Message History

You feel sick. The adder bites you.
* * * LOW HITPOINT WARNING * * *
You are more poisoned.
The adder poisons you!
The hobgoblin hits you but does no damage.
The adder bites you but does no damage.
* * * LOW HITPOINT WARNING * * *
You feel sick.
* * * LOW HITPOINT WARNING * * *
You feel sick.
The hobgoblin hits you but does no damage.
* * * LOW HITPOINT WARNING * * *
You feel sick.
* * * LOW HITPOINT WARNING * * *
You feel sick.
Some of the chunks of flesh in your inventory have rotted away.
You see here a hobgoblin skeleton.
* * * LOW HITPOINT WARNING * * *
You feel sick. The adder bites you.
You die...

####.####.# #.......# #..
####......# #.......#
##### .......####
##.......## #....
..........# #.........#
#.... .......##.#
#.........# #....
.......##.# #.........#
#.... .......##.#
#.........# #....
.......##.#######........#
#....
.......##.......@........#
#....
#################S.......#
#.... ...............#
#.... ...............#
##### ...............#
.........#######
.........# (............#
.............#


You could see an adder.

Vanquished Creatures
  2 adders (D:2)
  An ooze (D:1)
  3 dart slugs
  A leopard gecko (D:1)
  A giant cockroach (D:1)
  2 goblins
  3 hobgoblins
  4 jackals (D:2)
  A quokka (D:2)
  3 bats
  2 frilled lizards (D:1)
  3 kobolds (D:1)
  6 rats
32 creatures vanquished.

Notes
Turn   | Place    | Note
-------+----------+-------------------------------------------
     0 | Abyss:1  | goulibeur the Demonspawn Abyssal Knight began the quest for the Orb.
     0 | Abyss:1  | Reached XP level 1. HP: 18/18 MP: 2/2
     5 | Abyss:1  | Found a corrupted altar of Lugonu.
    46 | Abyss:1  | Noticed a small abomination
    46 | Abyss:1  | Noticed a small abomination
    47 | D:1      | Escaped the Abyss
   308 | D:1      | Reached skill level 1 in Dodging
   555 | D:1      | Gained mutation: You sometimes gain a little power by taking damage. [demonic ancestry]
   555 | D:1      | Reached XP level 2. HP: 24/24 MP: 4/4
   939 | D:2      | Reached * piety under Lugonu
   939 | D:2      | Reached XP level 3. HP: 20/29 MP: 5/5
  1899 | D:2      | Slain by an adder

Skill      XL: |  1  2 |
---------------+-------+-----
Dodging        | 1 |  1.6
Armour         | 2 |  2.3
Invocations    | 3 |  3.9
Fighting       | |  3.4
Short Blades   | |  1.7

Action                   || total
-------------------------++-------
Melee: Short sword       ||    99
       Spear             ||    56
Invok: Depart the Abyss  ||     1
  Eat: Chunk             ||     3
Armor: Ring mail         ||    63
       Plate armour      ||    86
Dodge: Dodged            ||    76
